 Dungeon Crawl Stone Soup version 0.31-a0-167-g1c394c0614 (webtiles) character file.

Game seed: 479021655191200551

82 lunkers the Insei (level 5, -4/40 HPs)
             Began as a Meteoran Transmuter on June 14, 2023.
             Was an Initiate of Gozag.
             Killed from afar by Natasha (7 damage)
             ... with a magic dart
             ... on level 4 of the Dungeon.
             The game lasted 00:05:37 (1392 turns).

lunkers the Insei (Meteoran Transmuter)             Turns: 1392, Time: 00:05:37

Health: -4/40      AC:  2    Str: 11 (12) XL:     5   Next: 1%
Magic:  6/10       EV: 19    Int: 15 (16) God:    Gozag
Gold:   223        SH:  0    Dex: 17 (19) Spells: 3/9 levels left

rFire   . .          .
                       - Unarmed
rCold   . . .        (shield currently unavailable)
rNeg    . . .        a - melded +0 robe
rPois   x            o - melded +0 helmet
rElec   .            (cloak currently unavailable)
rCorr   .            (gloves currently unavailable)
SInv    .            l - melded +0 pair of boots
Will    .....        (no amulet)
Stlth   +            (no ring)
HPRegen 0.26/turn    (no ring)
MPRegen 0.12/turn

%: no passive effects
@: spider-form (expiring), slowed, glowing, very slow
A: venomous fangs, tiny, sense surroundings 1, otherworldly, glowing, explore
regen
a: End Transformation, Renounce Religion, Potion Petition, Call Merchant, Bribe
Branch


You were on level 4 of the Dungeon.
You worshipped Gozag.
Gozag was aware of your devotion.
You were a venomous arachnid creature.
You visited 1 branch of the dungeon, and saw 4 of its levels.

You collected 223 gold pieces.

Inventory:

Hand Weapons
 n - a +5 dagger of venom
Armour
 a - a +0 robe (melded)
 l - a +0 pair of boots (melded)
 o - a +0 helmet (melded)
Wands
 f - a wand of flame (9)
Scrolls
 d - 2 scrolls of vulnerability {unknown}
 e - a scroll of identify {unknown}
 g - 2 scrolls of fear {unknown}
 h - a scroll of immolation {unknown}
 k - a scroll of revelation {unknown}
Potions
 b - a potion of lignification
 c - 2 potions of haste
 i - a potion of curing {unknown}
 j - a potion of mutation {unknown}
 m - 2 potions of ambrosia {unknown}


   Skills:
 - Level 1.1 Fighting
 - Level 2.4 Dodging
 * Level 5.4 Unarmed Combat
 - Level 2.6 Spellcasting
 + Level 3.7 Transmutations


You had 3 spell levels left.
You knew the following spells:

 Your Spells              Type           Power      Damage    Failure   Level
b - Wereblood             Tmut           13%        N/A       19%         2
c - Spider Form           Tmut/Pois      7%         N/A       50%         3
p - Beastly Appendage     Tmut           26%        N/A       14%         1

Your spell library contained the following spells:

 Spells                   Type           Power      Damage    Failure   Level
 Ice Form                 Ice/Tmut       7%         N/A       85%         4


Dungeon Overview and Level Annotations

Branches:
Dungeon (4/15) Zot: 1611
 Temple: D:4-7

Altars:
Gozag
Okawaru
Sif Muna

Shops:
D:2 [

Annotations:
D:4 1 runed translucent door, Crazy Yiuf, Natasha


Innate Abilities, Weirdness & Mutations

You are a venomous arachnid creature.
You have venomous fangs.
You are tiny and dextrous.
Your spellcasting is less reliable in this form.
Your armour is entirely melded.
You are incapable of wielding weapons or throwing items.
You passively map a small area around you.
You are easily found by Zot.
You glow in the dark.
You regain HP and MP as you explore.


Message History

You barely miss Natasha.
Natasha is heavily wounded.
Natasha claws you.
You closely miss Natasha.
Natasha is heavily wounded.
Natasha claws you. Natasha barely misses you.
You hit Natasha but do no damage.
Natasha is heavily wounded.
Natasha claws you!
* * * LOW HITPOINT WARNING * * *
Casting: Spider Form (quite dangerous; 28% risk of failure)
Confirm with . or Enter, or press ? or * to list all spells.
The spell is quite dangerous to miscast (28% risk of failure)!
Continue anyway?
You turn into a venomous arachnid creature.
Your +0 helmet melds into your body.
Your +0 pair of boots melds into your body.
Your +0 robe melds into your body.
Natasha misses you. x2
You hit Natasha.
Natasha is almost dead.
Natasha stares at you and mumbles some strange words.
The magic dart hits you!
* * * LOW HITPOINT WARNING * * *
You barely miss Natasha.
Natasha is almost dead.
Your transformation is almost over.
Natasha claws you.
* * * LOW HITPOINT WARNING * * *
You hit Natasha.
Natasha is almost dead.
Natasha claws you.
* * * LOW HITPOINT WARNING * * *
Natasha casts a spell at you. The magic dart hits you.
* * * LOW HITPOINT WARNING * * *
You barely miss Natasha.
Natasha is almost dead.
Natasha stares at you and mumbles some strange words.
The magic dart hits you!
You die...
Your body crumbles into a pile of gold.

* , , ###### *### , ** *
#.##.. , ..# * , ,*
#.##.#** * #.# * ##.##.#
#.# , , .....# #.#
***#.##.# #.# ,
*#..#.#####.##.#######.##
......hs................
..?........##.###..##.##
#..........##.........##
.....#####.#####....####
, #..#. #.# #....# # , *
#. #, ### ♣....♣ # . *
♣...♣♣ # , , , , * ♣♣.♣♣
# , ,* ♣.♣♣ #


You could see Natasha.

Vanquished Creatures
  Robin (D:3)
  An adder (D:2)
  2 dart slugs (D:2)
  6 endoplasms
  3 giant cockroaches
  6 hobgoblins
  3 jackals (D:1)
  2 quokkas (D:2)
  2 ball pythons
  3 bats
  3 frilled lizards
  14 goblins
  3 kobolds (D:2)
  3 rats (D:2)
52 creatures vanquished.

Notes
Turn   | Place    | Note
-------+----------+-------------------------------------------
     0 | D:1      | lunkers the Meteoran Transmuter began the quest for the
                  | Orb.
     0 | D:1      | Reached XP level 1. HP: 16/16 MP: 5/5
   110 | D:1      | Reached XP level 2. HP: 12/23 MP: 6/6
   118 | D:1      | Reached skill level 4 in Unarmed Combat
   236 | D:1      | Reached XP level 3. HP: 26/28 MP: 6/8
   266 | D:1      | Learned a level 2 spell: Wereblood
   270 | D:1      | Learned a level 3 spell: Spider Form
   475 | D:2      | Found Ublyweg's Armour Shop.
   609 | D:2      | Reached skill level 5 in Unarmed Combat
   609 | D:2      | Reached XP level 4. HP: 6/35 MP: 5/9
   730 | D:2      | Found a shimmering blue altar of Sif Muna.
   792 | D:2      | Found a faded altar of an unknown god.
   922 | D:2      | Prayed at the altar of an unknown god.
   922 | D:2      | Became a worshipper of Gozag Ym Sagoz the Greedy
   994 | D:3      | Noticed Robin
  1124 | D:3      | Killed Robin
  1125 | D:3      | Reached XP level 5. HP: 3/40 MP: 8/10
  1125 | D:3      | HP: 1/40 [poisoned by Robin]
  1215 | D:3      | Found an iron altar of Okawaru.
  1356 | D:4      | Found a runed translucent door.
  1357 | D:4      | Noticed Crazy Yiuf
  1373 | D:4      | Noticed Natasha
  1392 | D:4      | Killed from afar by Natasha

Illustrated notes

Levels and vault maps discovered:
D:1:      mrwooster_arrival_arrow, layout_basic
D:2:      layout_rooms, serial_shops, shop,
          shapermc_ecumenical_altar_totnotflames, basic_altar,
          minmay_indecisive_spiral
D:3:      minmay_inner_zag, layout_loops_cross, kennysheep_okawaru_gauntlet,
          uniq_robin
D:4:      layout_basic, minmay_temple_entry_glassed_door,
          chequers_serial_rivers_micro_a, uniq_natasha, uniq_crazy_yiuf_cottage,
          uniq_grinder

Skill      XL: |  1  2  3 |
---------------+----------+-----
Unarmed Combat | 4 5 |  5.4
Transmutations | 3 |  3.7
Fighting       | |  1.1
Dodging        | |  2.4
Spellcasting   | |  2.6

Action                     |  1- 3 |  4- 6 || total
---------------------------+-------+-------++-------
  Melee: Unarmed           |    86 |    57 ||   143
         Kick              |     9 |       ||     9
         Punch             |     1 |       ||     1
         Headbutt          |     4 |       ||     4
   Cast: Beastly Appendage |    13 |       ||    13
         Spider Form       |     8 |     5 ||    13
    Use: Potion            |       |     2 ||     2
 Armour: Robe              |     9 |    10 ||    19
         Skin              |     2 |     4 ||     6
  Dodge: Dodged            |    44 |    31 ||    75

Table legend: (Time is in decaauts)
 A = Elapsed time spent in this place.
 B = Non-inter-level travel time spent in this place.
 C = Inter-level travel time spent in this place.
 D = Time resting spent in this place.
 E = Time spent auto-exploring this place.
 F = Levels seen in this place.
 G = Mean time per level.
                   A        B        C        D        E       F      G
               +--------+--------+--------+--------+--------+-----+--------+
         Total |   1387 |   1254 |    133 |      0 |    793 |   4 |  346.8 |
       Dungeon |   1387 |   1254 |    133 |      0 |    793 |   4 |  346.8 |
               +--------+--------+--------+--------+--------+-----+--------+

Top non-repeatable levels by time:
     D:2: 683 daAuts
     D:1: 348 daAuts
     D:3: 257 daAuts
     D:4: 99 daAuts
